 Dungeon Crawl Stone Soup version 0.30.1-4-g462c640d31 (webtiles) character file.

Game seed: 11369905880758649606

175278 spardeous the Thaumaturge (level 16, -2/126 HPs)
             Began as a Demigod Conjurer on Aug 18, 2023.
             Slain by a redback (5 damage)
             ... summoned by a broodmother
             ... on level 4 of the Spider Nest.
             The game lasted 01:45:50 (41256 turns).

spardeous the Thaumaturge (Demigod Conjurer)       Turns: 41256, Time: 01:45:52

Health: -2/126     AC: 16    Str: 24    XL:     16   Next: 92%
Magic:  51/53      EV: 18    Int: 30    God:
Gold:   364        SH: 26    Dex: 12    Spells: 6/41 levels left

rFire   + . .        P - +6 Majin-Bo {spellvamp, MP+6 Int+6}
rCold   + . .        Z - +10 tower shield of Ignorance {rN+ Int-4}
rNeg    + + .        l - +2 leather armour {rC+ rF+}
rPois   .            K - +0 helmet
rElec   .            v - scarf of Sufficient Miracles {repulsion, MP+9 Int+4}
rCorr   .            G - +5 pair of gloves of Joy {-Tele *Corrode Slay+5 Stlth+}
SInv    +            U - +2 pair of boots {Fly}
Will    +....        F - amulet of magic regeneration
Stlth   ++++         f - ring of Tif Dyul {rN+ SInv}
HPRegen 0.41/turn    L - +5 ring of evasion
MPRegen 0.73/turn

%: no teleportation, corrode self (3%), repel missiles
@: lethally poisoned (-2 -> -75), flying, slowed, studying Stealth, very slow
A: high MP 1, forlorn, divine attributes
a: no special abilities


You were on level 4 of the Spider Nest.
You visited 4 branches of the dungeon, and saw 26 of its levels.
You also visited: Bailey and Ice Cave.

You collected 3711 gold pieces.
You spent 3347 gold pieces at shops.

Inventory:

Hand Weapons
 j - a +2 war axe of electrocution
 P - the +6 Majin-Bo (weapon) {spellvamp, MP+6 Int+6}
   (You took it off a spriggan on level 5 of the Lair of Beasts)

   Int:       It affects your intelligence (+6).
   MP:        It affects your magic capacity (+6).
 X - the +6 dagger of the Sheltering Madman {holy, Dex+2}
   (You found it on level 5 of the Lair of Beasts)

   Dex:       It affects your dexterity (+2).
 Y - a +1 executioner's axe of freezing
Armour
 a - a +1 troll leather armour {Snorg}
 l - a +2 leather armour of resistance (worn)
 v - the scarf of Sufficient Miracles (worn) {repulsion, MP+9 Int+4}
   (You acquired it on level 11 of the Dungeon)

   Int:       It affects your intelligence (+4).
   MP:        It affects your magic capacity (+9).
 G - the +5 pair of gloves of Joy (worn) {-Tele *Corrode Slay+5 Stlth+}
   (You found it on level 7 of the Dungeon)

   Slay:      It affects your accuracy & damage with ranged weapons and melee
   (+5).
   -Tele:     It prevents most forms of teleportation.
   *Corrode:  It may corrode you when you take damage.
   Stlth:     It makes you more stealthy.
 K - a +0 helmet (worn)
 U - a +2 pair of boots of flying (worn)
 Z - the +10 tower shield of Ignorance (worn) {rN+ Int-4}
   (You bought it in a shop on level 3 of the Dungeon)

   Int:       It affects your intelligence (-4).
   rN:        It protects you from negative energy.
Magical Staves
 C - a staff of poison
Jewellery
 f - the ring of Tif Dyul (left hand) {rN+ SInv}
   (You found it in an ice cave)

   [ring of positive energy]

   rN:        It protects you from negative energy.
   SInv:      It lets you see invisible.
 s - a +4 ring of protection
 F - an amulet of magic regeneration (around neck)
 L - a +5 ring of evasion (right hand)
 T - a ring of poison resistance
Wands
 n - a wand of mindburst (22)
 B - a wand of charming (18)
 S - a wand of flame (5)
 W - a wand of iceblast (18)
Scrolls
 g - 2 scrolls of vulnerability
 i - 7 scrolls of enchant armour
 m - a scroll of silence
 r - 4 scrolls of immolation
 t - 4 scrolls of magic mapping
 u - a scroll of poison
 y - 14 scrolls of teleportation
 z - 2 scrolls of blinking
 A - 5 scrolls of fog
 D - 3 scrolls of torment
 E - 4 scrolls of summoning
 J - 2 scrolls of fear
 N - a scroll of identify
 Q - 4 scrolls of enchant weapon
 R - 2 scrolls of brand weapon
Potions
 b - 6 potions of magic
 c - 6 potions of curing
 d - 5 potions of cancellation
 e - 7 potions of degeneration
 h - 3 potions of berserk rage
 k - 7 potions of flight {unknown}
 o - 4 potions of might {unknown}
 p - 7 potions of attraction
 q - 5 potions of haste {unknown}
 w - 5 potions of lignification
 x - 3 potions of heal wounds
 H - 5 potions of ambrosia
 I - 8 potions of mutation
 M - 3 potions of invisibility
 O - a potion of brilliance
 V - 3 potions of resistance


   Skills:
 - Level 7.0 Fighting
 - Level 5.3 Armour
 - Level 8.0 Dodging
 - Level 5.5 Stealth
 - Level 11.1 Shields
 - Level 13.0 Spellcasting
 - Level 12.1 Conjurations
 - Level 6.7 Necromancy
 - Level 10.1 Translocations
 - Level 5.0 Transmutations
 + Level 10.3 Earth Magic


You had 6 spell levels left.
You knew the following spells:

 Your Spells              Type           Power      Damage    Failure   Level
a - Magic Dart            Conj           100%       1d8       1%          1
b - Iron Shot             Conj/Erth      36%        9d7       14%         6
c - Iskenderun's Mystic   Conj/Tloc      72%        2d15      1%          4
d - Stone Arrow           Conj/Erth      100%       3d13      1%          3
e - Fulminant Prism       Conj/Hex       27%        3d14      8%          4
f - Borgnjor's Vile Clut  Necr/Erth      31%        N/A       8%          5
g - Vampiric Draining     Necr           56%        2d10      1%          3
i - Iskenderun's Battles  Conj           75%        2d12      1%          5
x - Manifold Assault      Tloc           69%        N/A       1%          4

Your spell library contained the following spells:

 Spells                   Type           Power      Damage    Failure   Level
 Kiss of Death            Conj/Necr      100%       2d13      1%          1
 Sandblast                Erth           100%       2d20      1%          1
 Blink                    Tloc           100%       N/A       1%          2
 Lesser Beckoning         Tloc           100%       N/A       1%          2
 Passwall                 Tmut/Erth      50%        N/A       1%          2
 Searing Ray              Conj           100%       2d8       1%          2
 Static Discharge         Conj/Air       100%       2-7/arc   1%          2
 Gell's Gravitas          Tloc           69%        N/A       1%          3
 Teleport Other           Tloc           69%        N/A       1%          3
 Passage of Golubria      Tloc           69%        N/A       1%          4
 Dazzling Flash           Conj/Hex       100%       N/A       2%          3
 Volatile Blastmotes      Fire/Tloc      100%       2d18      3%          3
 Lee's Rapid Deconstruct  Erth           34%        3d17*     3%          5
 Petrify                  Tmut/Erth      60%        N/A       4%          4
 Cigotuvi's Dreadful Rot  Necr/Pois/Air  66%        N/A       5%          2
 Mephitic Cloud           Conj/Pois/Air  43%        N/A       5%          3
 Animate Dead             Necr           56%        N/A       6%          4
 Dispel Undead            Necr           56%        3d20      6%          4
 Sticky Flame             Conj/Fire      54%        2d7       8%          4
 Slow                     Hex            76%        N/A       10%         1
 Animate Armour           Summ/Erth      100%       N/A       11%         4
 Call Imp                 Summ           38%        N/A       14%         2
 Poisonous Vapours        Pois/Air       38%        N/A       14%         2
 Ignite Poison            Fire/Tmut/Pois 29%        N/A       14%         3
 Dispersal                Tloc           34%        N/A       22%         6
 Confusing Touch          Hex            19%        N/A       28%         3
 Frozen Ramparts          Ice            38%        1d6       28%         3
 Tukima's Dance           Hex            19%        N/A       28%         3
 Freezing Cloud           Conj/Ice/Air   21%        6-21      45%         5
 Statue Form              Tmut/Erth      40%        N/A       52%         6
 Airstrike                Air            9%         2d(2-18)  67%         4
 Summon Ice Beast         Ice/Summ       19%        N/A       67%         4
 Summon Lightning Spire   Summ/Air       19%        N/A       67%         4
 Alistair's Intoxication  Tmut/Pois      22%        N/A       67%         5
 Yara's Violent Unravell  Hex/Tmut       17%        3d8       67%         5
 Death Channel            Necr           28%        N/A       67%         6
 Metabolic Englaciation   Hex/Ice        9%         N/A       95%         5
 Simulacrum               Ice/Necr       19%        N/A       98%         6
 Summon Cactus Giant      Summ           9%         N/A       100%        6
 Lehudib's Crystal Spear  Conj/Erth      36%        10d9      99%         8
 Ozocubu's Refrigeration  Ice            9%         4d9       100%        7
 Spellforged Servitor     Conj/Summ      27%        N/A       100%        7
 Storm Form               Tmut/Air       17%        N/A       100%        7
 Summon Hydra             Summ           9%         N/A       100%        7
 Disjunction              Tloc           34%        N/A       100%        8
 Ignition                 Fire           9%         3d5       100%        8
 Summon Horrible Things   Summ           9%         N/A       100%        8
 Shatter                  Erth           34%        3d28*     100%        9


Dungeon Overview and Level Annotations

Branches:
Dungeon (15/15)            Temple (0/1) D:5            Lair (5/5) D:10
 Shoals (0/4) Lair:2       Spider (4/4) Lair:3        Slime (0/5) Lair:4
    Orc (2/2) D:10            Elf (0/3) Orc:2        Vaults (0/5) D:14
 Depths (0/4) D:15         Bailey (visited)           IceCv (visited)

Shops:
D:3 [   D:4 :   D:5 *[   D:9 (   D:10 :   D:11 ?   D:13 (   D:15 ?=
Orc:2 :*[*[

Portals:
Abyss: Lair:5


Innate Abilities, Weirdness & Mutations

You have an increased reservoir of magic. (+10% MP)
You shall have no god before yourself.
Your divine heritage dramatically boosts your attributes as you level up.


Message History

The redback collides with the broodmother!
The broodmother is moderately wounded.
The redback is almost dead.
The mystic blast hits the moth of wrath!!
The moth of wrath is heavily wounded.
The moth of wrath is knocked back by the mystic blast.
The mystic blast hits the meliai!
The meliai is heavily wounded.
The meliai is knocked back by the mystic blast.
The meliai collides with the orb spider!
The orb spider is moderately wounded.
The meliai is almost dead.
You feel extremely sick.
The meliai mumbles some strange prayers to its god against you.
Something smites you!
The orb spider's wounds heal themselves!
The meliai mumbles some strange prayers to its god against you.
Something smites you! You block the redback's attack.
You take 21 damage, and have 81/126 hp.
You now have 50/53 mp.
Unknown command.
Unknown command.
You feel extremely sick.
The meliai invokes the aid of its god against you.
Something smites you!
The meliai mumbles some strange prayers to its god against you.
Something smites you!
* * * LOW HITPOINT WARNING * * *
You block the redback's attack. You block the pharaoh ant's attack.
The moth of wrath goads the redback on!
The redback goes berserk!
The moth of wrath goads the redback on!
The redback goes berserk!
The meliai mumbles some strange prayers to its god against you.
Something smites you!
* * * LOW HITPOINT WARNING * * *
The redback bites you!
* * * LOW HITPOINT WARNING * * *
You are more poisoned.
The redback poisons you! The pharaoh ant bites you!
* * * LOW HITPOINT WARNING * * *
The redback bites you.
You die...

#........ ..
#....... #..
#......^.^..
#^..........
#.....#.....
##s^.........
#^..ssy....#.
#^.ss@†...w..
#..syB#....[.


#^.sssss ....$ #.....#.. .... #..... ... ..^ +...#. .#^# .. +....# .... . +....
.. .. You could see a broodmother, a torpor snail, a wolf spider, a moth of
wrath, 2 orb spiders, 2 culicivoras, a pharaoh ant, 5 redbacks and a meliai.

Vanquished Creatures
  A lich (IceCv)
  Frances (D:14)
  A shadow dragon (D:12)
  3 ghost moths
  The ghost of tal the Severer, a journeyman HOFi of Elyvilon (Lair:5)
  3 emperor scorpions
  2 very ugly things (IceCv)
  2 spark wasps
  2 dire elephants
  An entropy weaver (Spider:2)
  10 hydras
  4 ogre magi (Orc:2)
  A death knight (D:15)
  3 centaur warriors
  9 boulder beetles
  3 catoblepae
  20 two-headed ogres
  2 tengu warriors (D:15)
  Urug (Lair:2)
  3 thrashing horrors (Lair:5)
  A deep troll earth mage (D:12)
  4 skysharks
  Amaemon (Lair:2)
  5 pharaoh ants
  An iron troll (D:14)
  An obsidian statue (IceCv)
  7 orb spiders
  4 bog bodies (IceCv)
  A glowing orange brain (shapeshifter) (Lair:5)
  5 steelbarb worms
  3 spriggan simulacra (IceCv)
  A phantasmal warrior (D:14)
  3 orc knights
  A deep elf pyromancer (D:12)
  8 ugly things
  A necromancer (IceCv)
  The ghost of mUm121 the Tainter, a novice GrVM of Vehumet (D:8)
  4 cyclopes
  An orc sorcerer (Orc:1)
  9 wolf spiders
  A salamander (D:15)
  2 manticores
  11 elephants
  6 moths of wrath
  Maurice (D:8)
  4 torpor snails
  2 black mambas
  2 ice statues (Spider:2)
  8 demonic crawlers
  A smoke demon (Lair:5)
  11 cane toads
  An orange demon (Lair:2)
  4 unseen horrors
  Maggie (D:8)
  5 rime drakes
  7 komodo dragons
  14 freezing wraiths
  Psyche (D:8)
  An efreet (D:14)
  A gargoyle (D:12)
  3 anaconda simulacra (IceCv)
  An ancient zyme (Lair:5)
  An ice devil (IceCv)
  3 golden dragon simulacra (IceCv)
  A queen bee (D:12)
  8 trolls
  6 meliai
  A polar bear (Lair:1)
  15 tarantellas
  11 dream sheep
  41 blink frogs
  10 slime creatures
  12 jumping spiders
  2 shadows (D:11)
  7 spriggans (Lair:5)
  A hornet (Lair:5)
  8 culicivoras
  4 wraiths
  2 vampires
  4 wyverns
  17 yaks
  2 dire elephant simulacra (IceCv)
  2 chaos spawn (Lair:5)
  12 small abominations (Lair:5)
  26 redbacks
  6 basilisks
  5 vampire mosquitoes
  A ynoxinul (Lair:5)
  Menkaure (D:4)
  2 wargs (D:10)
  An acid dragon (D:9)
  Edmund (D:4)
  2 harpy simulacra (IceCv)
  A large abomination (Lair:5)
  16 water moccasins
  A hydra simulacrum (IceCv)
  25 orc warriors
  4 ice beasts
  A sky beast (D:6)
  An ettin simulacrum (IceCv)
  20 ogres
  3 black bears
  A wolf (shapeshifter) (Lair:5)
  5 alligator simulacra (IceCv)
  6 wolves (Lair:2)
  4 centaurs
  2 kobold brigands
  Blork the orc (D:6)
  8 bullfrogs
  A gnoll sergeant (D:8)
  3 scorpions
  2 deep troll simulacra (IceCv)
  8 wights (D:8)
  6 lindwurm simulacra (IceCv)
  43 killer bees
  3 howler monkeys
  An electric eel (D:7)
  18 orc priests
  A jelly (D:5)
  A hound (D:6)
  2 gnoll boudas
  Natasha (thrice) (D:2)
  4 iguanas
  30 orc wizards
  2 sleepcaps
  13 hell rats
  A statue (D:13)
  13 adders
  15 gnolls
  A shadow imp (D:5)
  2 white imps (D:8)
  7 dart slugs
  83 orcs
  5 bats
  6 endoplasms
  14 goblins
  11 hobgoblins
  12 jackals
  3 quokkas
  6 ball pythons
  A frilled lizard (D:1)
  18 kobolds
  4 rats
880 creatures vanquished.

Vanquished Creatures (collateral kills)
  Snorg (D:11)
1 creature vanquished.

Vanquished Creatures (others)
  A wight (D:8)
  An orc priest (Orc:1)
  An orc wizard (Orc:1)
  An orc (Orc:1)
  A kobold (D:7)
  A butterfly (D:8)
  25 fulminant prisms
31 creatures vanquished.

Grand Total: 912 creatures vanquished

Notes
Turn   | Place    | Note
-------+----------+-------------------------------------------
     0 | D:1      | spardeous the Demigod Conjurer began the quest for the Orb.
     0 | D:1      | Reached XP level 1. HP: 14/14 MP: 5/5
   249 | D:1      | Reached XP level 2. HP: 20/20 MP: 5/7
  1567 | D:2      | Reached XP level 3. HP: 26/26 MP: 6/8
  1927 | D:2      | Reached skill level 5 in Conjurations
  2011 | D:2      | Noticed Natasha
  2019 | D:2      | Killed Natasha
  2020 | D:2      | Reached XP level 4. HP: 32/33 MP: 0/9
  2141 | D:2      | Noticed Natasha
  2182 | D:1      | Learned a level 2 spell: Searing Ray
  2475 | D:2      | Killed Natasha
  2552 | D:2      | Noticed Natasha
  2557 | D:2      | Killed Natasha
  2558 | D:2      | Reached XP level 5. HP: 38/38 MP: 3/10
  3130 | D:3      | Found Dailoa's Antique Armour Boutique.
  3323 | D:3      | Learned a level 4 spell: Iskenderun's Mystic Blast
  3853 | D:3      | Found Dailoa's Antique Armour Boutique.
  4382 | D:4      | Noticed Edmund
  4598 | D:4      | Noticed a water moccasin
  4606 | D:4      | Killed a water moccasin
  4607 | D:4      | Reached skill level 2 in Spellcasting
  4607 | D:4      | Reached XP level 6. HP: 33/45 MP: 2/12
  4788 | D:4      | Found Ecli's Self-Improvement Boutique.
  4789 | D:4      | Noticed Menkaure
  4919 | D:4      | Killed Menkaure
  4920 | D:4      | Reached skill level 3 in Spellcasting
  5002 | D:4      | Learned a level 3 spell: Stone Arrow
  5294 | D:4      | Reached XP level 7. HP: 50/50 MP: 8/15
  5352 | D:4      | Killed Edmund
  5528 | D:4      | Reached skill level 4 in Spellcasting
  5774 | D:5      | Entered Level 5 of the Dungeon
  6125 | D:5      | Found Jeupleurch's Antique Armour Emporium.
  6411 | D:5      | Found a staircase to the Ecumenical Temple.
  6445 | D:5      | Reached XP level 8. HP: 57/57 MP: 10/18
  6565 | D:5      | Found Digefon's Gadget Gallery.
  6719 | D:5      | Reached skill level 5 in Spellcasting
  6835 | D:5      | Reached skill level 1 in Translocations
  7414 | D:5      | Found Jeupleurch's Antique Armour Emporium.
  7546 | D:5      | Found Digefon's Gadget Gallery.
  7637 | D:5      | Found a staircase to the Ecumenical Temple.
  8074 | D:6      | Noticed Blork the orc
  8077 | D:6      | Killed Blork the orc
  8592 | D:6      | Reached skill level 1 in Earth Magic
 10575 | D:7      | Identified the +5 pair of gloves of Joy {-Tele *Corrode
                  | Slay+5 Stlth+}
 10984 | D:8      | Identified a scroll of acquirement
 10991 | D:8      | Found a transporter.
 11017 | D:8      | Found a transporter.
 11017 | D:8      | Noticed a moth of wrath
 11019 | D:8      | Noticed mUm121's ghost (novice GrVM)
 11065 | D:8      | Reached XP level 9. HP: 62/62 MP: 1/20
 11200 | D:8      | Noticed Maurice
 11224 | D:8      | Killed Maurice
 11319 | D:8      | Noticed Maggie
 11328 | D:8      | Killed Maggie
 11329 | D:8      | Reached skill level 10 in Conjurations
 11744 | D:8      | Noticed Psyche
 11753 | D:8      | Killed Psyche
 12016 | D:8      | Reached skill level 6 in Spellcasting
 12335 | D:9      | Learned a level 4 spell: Fulminant Prism
 12341 | D:9      | Noticed a two-headed ogre
 12349 | D:9      | Killed a two-headed ogre
 12350 | D:9      | Reached skill level 7 in Spellcasting
 12350 | D:9      | Reached XP level 10. HP: 43/69 MP: 3/24
 12375 | D:9      | Found a transporter.
 12383 | D:9      | Found a transporter.
 12547 | D:9      | Noticed a centaur warrior
 12618 | D:9      | Killed a centaur warrior
 12622 | D:9      | Reached skill level 8 in Spellcasting
 12639 | D:9      | Found a flagged portal.
 12644 | Bailey   | Entered a bailey
 12916 | Bailey   | Noticed an orc knight
 12998 | Bailey   | Killed an orc knight
 12999 | Bailey   | Reached skill level 9 in Spellcasting
 13316 | D:9      | Found a transporter.
 13414 | D:9      | Found a transporter.
 13422 | D:9      | Found a transporter.
 13423 | D:9      | Found a transporter.
 13656 | D:9      | Found Koejasag's Antique Weapon Shoppe.
 14061 | D:10     | Entered Level 10 of the Dungeon
 14290 | D:10     | Found a staircase to the Lair.
 14415 | D:10     | Found a staircase to the Orcish Mines.
 14483 | D:10     | Reached skill level 10 in Spellcasting
 14664 | D:10     | Found Quar Xiki's Book Shoppe.
 15298 | D:5      | Bought a pair of glowing boots for 172 gold pieces
 15828 | D:11     | Noticed a six-headed hydra
 15845 | D:11     | Reached XP level 11. HP: 74/74 MP: 11/30
 15877 | D:11     | Noticed a boulder beetle
 16348 | D:11     | Noticed Snorg
 16378 | D:11     | Killed Snorg
 16379 | D:11     | Reached skill level 11 in Spellcasting
 16601 | D:11     | Noticed a two-headed ogre
 16618 | D:11     | Killed a two-headed ogre
 17057 | D:11     | Killed a six-headed hydra
 17058 | D:11     | Reached skill level 12 in Spellcasting
 17296 | D:11     | Found Kupledonk's Magic Scroll Boutique.
 17299 | D:11     | Bought a scroll of teleportation for 42 gold pieces
 17299 | D:11     | Bought a scroll of identify for 28 gold pieces
 17318 | D:11     | Acquired 939 gold pieces
 17322 | D:11     | Acquired the scarf of Sufficient Miracles {repulsion, MP+9
                  | Int+4}
 17516 | D:12     | Reached skill level 5 in Translocations
 17912 | D:12     | Noticed a deep elf pyromancer
 17916 | D:12     | Killed a deep elf pyromancer
 18121 | D:12     | Noticed a two-headed ogre
 18135 | D:12     | Killed a two-headed ogre
 18235 | D:12     | Noticed a two-headed ogre
 18255 | D:12     | Killed a two-headed ogre
 18256 | D:12     | Reached XP level 12. HP: 81/81 MP: 27/32
 18343 | D:12     | Noticed a shadow dragon
 18515 | D:12     | Noticed a centaur warrior
 18733 | D:12     | Killed a centaur warrior
 18734 | D:12     | Reached skill level 10 in Translocations
 18779 | D:12     | Reached skill level 1 in Fighting
 18916 | D:12     | Noticed a boulder beetle
 18936 | D:12     | Killed a boulder beetle
 19187 | D:12     | Killed a shadow dragon
 19255 | D:12     | Reached skill level 5 in Fighting
 20534 | D:13     | Noticed a boulder beetle
 20604 | D:13     | Killed a boulder beetle
 20861 | D:13     | Found Hycaahie's Weapon Boutique.
 21019 | D:13     | Identified the +0 scale mail of Tulips {+Inv Will++ Str-4
                  | Dex-5}
 21483 | D:13     | Noticed a boulder beetle
 21502 | D:13     | Killed a boulder beetle
 21503 | D:13     | Reached skill level 1 in Shields
 21875 | D:13     | Found Hycaahie's Weapon Boutique.
 22432 | D:3      | Bought the +10 tower shield of Ignorance {rN+ Int-4} for
                  | 1719 gold pieces
 22432 | D:3      | Found the +10 tower shield of Ignorance {rN+ Int-4}
 22632 | Lair:1   | Entered Level 1 of the Lair of Beasts
 23453 | Lair:2   | Reached XP level 13. HP: 104/104 MP: 33/34
 23508 | Lair:2   | Reached skill level 5 in Shields
 23708 | Lair:2   | Noticed Urug
 23715 | Lair:2   | Killed Urug
 23921 | Lair:2   | Found a staircase to the Shoals.
 24067 | Lair:2   | Found the +5 Force Lance {heavy, knockback}
 24157 | Lair:2   | Noticed Amaemon
 24315 | Lair:2   | Killed Amaemon
 24371 | Lair:2   | Got the Handbook of the Xenotype and Wildfire
 24601 | Lair:3   | Got the Incunable of Dislocation and the Mausoleum
 24969 | Lair:3   | Learned a level 2 spell: Passwall
 24973 | Lair:3   | Learned a level 3 spell: Vampiric Draining
 24977 | Lair:3   | Reached XP level 14. HP: 111/111 MP: 35/35
 25140 | Lair:3   | Found a hole to the Spider Nest.
 25741 | Lair:4   | Reached skill level 5 in Necromancy
 25741 | Lair:4   | Reached skill level 5 in Transmutations
 25743 | Lair:4   | Found a staircase to the Slime Pits.
 26705 | Lair:5   | Entered Level 5 of the Lair of Beasts
 26719 | Lair:5   | Reached skill level 10 in Shields
 26825 | Lair:5   | Identified the +0 chain mail of Reason {Str+7}
 26991 | Lair:5   | Found a transporter.
 27119 | Lair:5   | Reached XP level 15. HP: 12/117 MP: 13/36
 27634 | Lair:5   | Reached skill level 5 in Dodging
 28431 | Lair:5   | Found a one-way gate to the infinite horrors of the Abyss.
 28497 | Lair:5   | Identified the +6 dagger of the Sheltering Madman {holy,
                  | Dex+2}
 28583 | Lair:5   | Found a transporter.
 28893 | D:8      | Killed mUm121's ghost
 29126 | Lair:5   | Noticed tal's ghost (journeyman HOFi)
 29574 | Lair:5   | Killed tal's ghost
 30210 | D:14     | Noticed Frances
 30416 | D:14     | Killed Frances
 30919 | D:14     | Found a gate to the Vaults.
 30957 | D:15     | Entered Level 15 of the Dungeon
 30957 | D:15     | Found Mihayppo's Jewellery Emporium.
 31061 | D:15     | Found Foruox's Magic Scroll Emporium.
 31322 | D:15     | Reached skill level 5 in Earth Magic
 31414 | D:15     | Reached skill level 1 in Armour
 32023 | D:15     | Found a staircase to the Depths.
 32580 | Orc:1    | Entered Level 1 of the Orcish Mines
 32846 | Orc:1    | Reached skill level 5 in Armour
 33184 | Orc:2    | Entered Level 2 of the Orcish Mines
 33339 | Orc:2    | Reached skill level 5 in Stealth
 33646 | Orc:2    | Found a staircase to the Elven Halls.
 33685 | Orc:2    | Reached skill level 13 in Spellcasting
 33685 | Orc:2    | Reached XP level 16. HP: 126/126 MP: 20/38
 33789 | Orc:2    | Found Saofyd's General Store.
 33789 | Orc:2    | Found Golasu's General Store.
 33790 | Orc:2    | Found Byobli's Armour Boutique.
 33790 | Orc:2    | Found Qafek's Antique Armour Emporium.
 33810 | Orc:2    | Found Fexkinox's Book Shop.
 33827 | Orc:2    | Bought a book of Unlife for 576 gold pieces
 33827 | Orc:2    | Bought a book of Power for 672 gold pieces
 34264 | Orc:2    | Found Qafek's Antique Armour Emporium.
 34264 | Orc:2    | Found Byobli's Armour Boutique.
 34265 | Orc:2    | Found Golasu's General Store.
 34265 | Orc:2    | Found Saofyd's General Store.
 34311 | Orc:2    | Found Fexkinox's Book Shop.
 34493 | Orc:2    | Found a staircase to the Elven Halls.
 34712 | D:11     | Acquired the Enchiridion on Formation and Quicksand
 34860 | Spider:1 | Entered Level 1 of the Spider Nest
 35011 | Orc:2    | Bought a scroll of identify for 20 gold pieces
 35011 | Orc:2    | Bought a potion of berserk rage for 50 gold pieces
 35015 | Orc:2    | Bought a scroll of identify for 30 gold pieces
 35172 | D:15     | Bought a scroll of identify for 38 gold pieces
 35182 | D:15     | Learned a level 6 spell: Iron Shot
 35188 | D:15     | Learned a level 5 spell: Borgnjor's Vile Clutch
 35193 | D:15     | Learned a level 4 spell: Manifold Assault
 35374 | Lair:3   | Learned a level 5 spell: Iskenderun's Battlesphere
 36172 | Spider:2 | Found a frozen archway.
 36185 | Spider:2 | HP: 4/126 [ice statue] (28)]
 36207 | IceCv    | Entered an ice cave
 37113 | IceCv    | Noticed a lich
 37189 | IceCv    | Killed a lich
 37477 | IceCv    | Got the Essays on Freezing
 37483 | IceCv    | Identified the ring of Tif Dyul {rN+ SInv}
 39270 | Spider:2 | Identified the +5 shortbow of Lulad {freeze, rF++}
 40852 | Spider:3 | Reached skill level 10 in Earth Magic
 41082 | Spider:4 | Entered Level 4 of the Spider Nest
 41256 | Spider:4 | HP: 3/126 [pharaoh ant (14)]
 41256 | Spider:4 | Slain by a redback

Illustrated notes

Levels and vault maps discovered:
D:1:      dpeg_arrival_stonehenge_12_columns, layout_loops_ring
D:2:      layout_basic, uniq_natasha
D:3:      layout_basic, basic_ecumenical_altar, serial_shops, shop
D:4:      layout_loops_ring, nicolae_shop_self_help, uniq_edmund, uniq_menkaure
D:5:      wad_pebble_path, layout_basic, mainiacjoe_overflow_alcove_2,
          minmay_temple_entry_waves, serial_shops, shop, nicolae_shop_gadgets
D:6:      layout_loops_corners, mainiacjoe_overflow_24_doors,
          nicolae_overflow_squiral, uniq_blork_the_orc
D:7:      kennysheep_slugbush, layout_rooms, serial_corexii_hall,
          corexii_hall_statues_i, corexii_hall_statues_t
D:8:      layout_cave_pods, mainiacjoe_overflow_catwalk,
          nicolae_elyvilon_peaceful_grove, general_overflow_altar,
          gammafunk_ghost_berserking_beasts, lemuel_flamethrower_2, uniq_maggie,
          uniq_maurice, uniq_psyche
D:9:      layout_basic, mainiacjoe_overflow_small_starburst, enter_bailey_3,
          serial_shops, shop, serial_nicolae_subway, nicolae_sub_station_metal,
          nicolae_sub_station_stone, nicolae_sub_station_crystal
D:10:     layout_long_grid, lair_entry_dummy, erik_orc_3, serial_shops, shop
D:11:     minmay_clustersquares, layout_layer_cave, serial_shops,
          nicolae_shop_rolled_up, kennysheep_okawaru_gauntlet, uniq_snorg
D:12:     regret_index_bee_streams, layout_loops_ring,
          nicolae_wu_jian_immortal_techniques
D:13:     layout_long_grid, serial_shops, shop, vehumet_statue
D:14:     layout_cave_pools, david_vaults_4, fedhas_altar_3, uniq_frances
D:15:     hangedman_depths_entry_try_elsewhere_first, layout_basic,
          serial_shops, nicolae_shop_tiny_waterfront, nicolae_shop_crystal
Lair:1:   layout_chaotic_city
Lair:2:   layout_chaotic_city, shoals_dummy_entry, basic_altar, uniq_urug,
          uniq_amaemon
Lair:3:   layout_cave_pods, hellmonk_spider_entry_not_the_bees,
          infiniplex_staircase_pool_2
Lair:4:   layout_misc_corridors, slime_entry_1, beast_lair_carwin_9
Lair:5:   hellmonk_lair_end_abyssal_woods, layout_regular_city,
          gammafunk_ghost_wrathful_warriors, grunt_megastairs_3
Spider:1: layout_spider_delve
Spider:2: layout_chambers, portal_ice_cave_entry_ice_statue_two
Spider:3: layout_spider_delve, nicolae_orb_stairs
Spider:4: spider_rune_water
Orc:1:    layout_caves
Orc:2:    st_orc_ogre_mass, layout_diamond_mine, serial_shops,
          nicolae_shop_trees

Skill      XL: |  1  2  3  4  5  6  7  8  9 10 11 12 13 14 15 16 |
---------------+-------------------------------------------------+-----
Conjurations   | 4 5 6 7 8 9 10 12 | 12.1
Spellcasting   | 2 3 4 5 7 10 12 13 | 13.0
Translocations | 4 8 10 | 10.1
Earth Magic    | 3 5 10 | 10.3
Fighting       | 6 7 |  7.0
Shields        | 4 8 11 | 11.1
Necromancy     | 3 5 6 |  6.7
Transmutations | 3 5 |  5.0
Dodging        | 3 8 |  8.0
Armour         | 5 |  5.3
Stealth        | 5 |  5.5

Action                     |  1- 3 |  4- 6 |  7- 9 | 10-12 | 13-15 | 16-18 || total
---------------------------+-------+-------+-------+-------+-------+-------++-------
  Melee: Club              |     9 |       |       |       |       |       ||     9
         Unarmed           |     8 |       |       |       |       |       ||     8
         War axe           |       |       |     5 |    25 |    42 |       ||    72
         Dagger            |       |       |       |       |    47 |     3 ||    50
         Staff             |       |       |       |       |       |     3 ||     3
         Bo                |       |       |       |       |       |     1 ||     1
   Cast: Magic Dart        |    81 |    62 |    90 |    13 |       |    44 ||   290
         Searing Ray       |       |    18 |    58 |     5 |       |       ||    81
         Stone Arrow       |       |       |    22 |   122 |   292 |   205 ||   641
         Iskenderun's Myst |       |       |    30 |   295 |   407 |   159 ||   891
         Fulminant Prism   |       |       |       |       |     3 |    22 ||    25
         Iskenderun's Batt |       |       |       |       |       |    54 ||    54
         Borgnjor's Vile C |       |       |       |       |       |     3 ||     3
    Use: Scroll            |       |       |     9 |     7 |     8 |     9 ||    33
         Potion            |       |       |     1 |     1 |     6 |     7 ||    15
 Armour: Robe              |    14 |    15 |     4 |       |       |       ||    33
         Ring mail         |       |       |    29 |       |       |       ||    29
         Acid dragon scale |       |       |    17 |    56 |       |       ||    73
         Troll leather arm |       |       |       |    57 |    86 |    19 ||   162
         Leather armour    |       |       |       |       |       |    22 ||    22
  Dodge: Dodged            |    52 |    37 |    69 |   127 |   207 |    96 ||   588
         Repelled          |       |       |       |     2 |     4 |     1 ||     7
  Block: Kite shield       |       |       |       |   111 |   121 |       ||   232
         Reflection        |       |       |       |     5 |       |       ||     5
         Tower shield      |       |       |       |       |   202 |   313 ||   515
